 Dungeon Crawl Stone Soup version 0.28-a0-697-g47f3eba078 (webtiles) character file.

Game seed: 3644186365857106285

54 Gargoyl the Skirmisher (level 3, -3/35 HPs)
             Began as a Gnoll Abyssal Knight on Oct 23, 2021.
             Was a Follower of Lugonu.
             Slain by an ogre (21 damage)
             ... on level 2 of the Dungeon.
             The game lasted 00:01:52 (2065 turns).

Gargoyl the Skirmisher (Gnoll Abyssal Knight)       Turns: 2065, Time: 00:01:53

Health: -3/35      AC: 10    Str: 13    XL:     3   Next: 91%
Magic:  6/6        EV:  6    Int:  9    God:    Lugonu [*.....]
Gold:   31         SH:  0    Dex: 12    Spells: 4/4 levels left

rFire   . . .      SeeInvis .   h - +2 spear (venom)
rCold   . . .      Faith    .   (no shield)
rNeg    . . .      Spirit   .   b - +0 chain mail
rPois   .          Reflect  .   e - +0 helmet
rElec   .          Harm     .   (no cloak)
rCorr   .          Rampage  .   (no gloves)
Will    .....                   (no boots)
Stlth   ..........              (no amulet)
HPRegen 0.11/turn               (no ring)
MPRegen 0.10/turn               (no ring)

@: no status effects
A: fangs 1, strong nose, distributed training
a: Renounce Religion, Depart the Abyss


You were on level 2 of the Dungeon.
You worshipped Lugonu.
Lugonu was aware of your devotion.
You visited 1 branch of the dungeon, and saw 3 of its levels.
You visited the Abyss 1 time.

You collected 31 gold pieces.

Inventory:

Hand Weapons
 a - a +1 hand axe
 h - a +2 spear of venom (weapon)
Missiles
 k - a throwing net
Armour
 b - a +0 chain mail (worn)
 e - a +0 helmet (worn)
Scrolls
 j - 2 scrolls of identify {unknown}
Potions
 c - 3 potions of curing
 d - a potion of might {unknown}
 f - a potion of resistance {unknown}
 g - a potion of ambrosia {unknown}
 i - a potion of degeneration {unknown}


   Skills:
 + Level 6.5 Fighting
 + Level 1.0 Short Blades
 + Level 1.0 Long Blades
 + Level 4.6 Axes
 + Level 1.0 Maces & Flails
 + Level 1.0 Polearms
 + Level 1.0 Staves
 + Level 1.0 Slings
 + Level 1.0 Bows
 + Level 1.0 Crossbows
 + Level 1.0 Throwing
 + Level 4.6 Armour
 + Level 2.6 Dodging
 + Level 1.0 Stealth
 + Level 1.0 Shields
 + Level 1.0 Unarmed Combat
 + Level 1.0 Spellcasting
 + Level 0.7 Conjurations
 + Level 0.7 Hexes
 + Level 0.7 Summonings
 + Level 0.7 Necromancy
 + Level 0.7 Translocations
 + Level 0.7 Transmutations
 + Level 0.7 Fire Magic
 + Level 0.7 Ice Magic
 + Level 0.7 Air Magic
 + Level 0.7 Earth Magic
 + Level 0.7 Poison Magic
 + Level 4.6 Invocations
 + Level 1.0 Evocations


You had 4 spell levels left.
You didn't know any spells.
Your spell library contained the following spells:

 Spells                   Type           Power      Damage    Failure   Level
 Magic Dart               Conj           4%         1d3       100%        1
 Sublimation of Blood     Necr           0%         N/A       100%        2
 Petrify                  Tmut/Erth      1%         N/A       100%        4
 Irradiate                Conj/Tmut      0%         3d13      100%        5
 Conjure Ball Lightning   Conj/Air       0%         3x3d6     100%        6
 Statue Form              Tmut/Erth      0%         N/A       100%        6


Dungeon Overview and Level Annotations

Branches:
Dungeon (3/15)

Altars:


Innate Abilities, Weirdness & Mutations

You have very sharp teeth.
Your uncanny sense of smell can sniff out nearby items.
Your experience applies equally to all skills.


Message History

You feel sick.
* * * LOW HITPOINT WARNING * * *
You feel sick.
k - a throwing net
There is a stone staircase leading down here.
* * * LOW HITPOINT WARNING * * *
You feel sick.
You are no longer poisoned.
You start resting.
HP restored.
You start waiting.
Done waiting.
A bat comes into view.
The bat hits you but does no damage.
You closely miss the bat. The bat hits you but does no damage. x2
You slash the bat!
You kill the bat!
Lugonu accepts your kill.
Your +2 spear of venom begins to drip with poison!
h - a +2 spear of venom (weapon)
You now have 31 gold pieces (gained 4).
Found a buckler.
j - 2 scrolls labelled WAEMEU BAITT (gained 1)
An endoplasm and an ogre come into view.
The endoplasm quivers.
The ogre shouts!
There are monsters nearby!
You hit the ogre.
The ogre is poisoned.
The ogre is lightly wounded.
You closely miss the ogre. You bite the ogre.
The ogre is lightly wounded.
The ogre barely misses you.
You hit the ogre.
The ogre looks as sick as possible!
You bite the ogre.
The ogre is moderately wounded.
The ogre hits you with a +0 giant spiked club!
You hit the ogre but do no damage.
The ogre looks as sick as possible!
The ogre is heavily wounded.
The ogre hits you with a +0 giant spiked club!!
Ouch! That really hurt!
You die...

#.##.#.#.#
.##.#.##.#
##.#.##..#
#.#.##..##
.#.##..## ##
#.##..## #.
.##..## #J ##..##
#O##### #..##
#.@...# ..##
###########.# .##
#.......# #.# ##
#.#####.# #.# #
######.# #...# #.#
#......# #.#####.#
#.########.......#
#.#.........######
#.#.#######.#


You could see an ogre (extremely poisoned) and an endoplasm.

Vanquished Creatures
  2 gnolls
  A dart slug (D:1)
  5 endoplasms
  2 giant cockroaches (D:1)
  A goblin (D:2)
  3 hobgoblins (D:1)
  4 jackals (D:2)
  A quokka (D:1)
  4 ball pythons
  5 bats
  A kobold (D:1)
  2 rats (D:1)
31 creatures vanquished.

Notes
Turn   | Place    | Note
-------+----------+-------------------------------------------
     0 | Abyss:1  | Gargoyl the Gnoll Abyssal Knight began the quest for the
                  | Orb.
     0 | Abyss:1  | Reached XP level 1. HP: 23/23 MP: 3/3
    36 | Abyss:1  | Got Lehudib's Guide on Dusty Confrontation
   125 | Abyss:1  | Noticed a crimson imp
   133 | Abyss:1  | Noticed a tentacled starspawn
   135 | D:1      | Escaped the Abyss
   521 | D:1      | Reached * piety under Lugonu
   522 | D:1      | Reached XP level 2. HP: 29/29 MP: 5/5
  1205 | D:2      | Reached XP level 3. HP: 33/35 MP: 6/6
  1517 | D:2      | Reached skill level 1 in Short Blades
  1517 | D:2      | Reached skill level 1 in Long Blades
  1517 | D:2      | Reached skill level 1 in Maces & Flails
  1517 | D:2      | Reached skill level 1 in Polearms
  1517 | D:2      | Reached skill level 1 in Staves
  1517 | D:2      | Reached skill level 1 in Slings
  1517 | D:2      | Reached skill level 1 in Bows
  1517 | D:2      | Reached skill level 1 in Crossbows
  1517 | D:2      | Reached skill level 1 in Throwing
  1517 | D:2      | Reached skill level 1 in Stealth
  1517 | D:2      | Reached skill level 1 in Shields
  1517 | D:2      | Reached skill level 1 in Unarmed Combat
  1517 | D:2      | Reached skill level 1 in Spellcasting
  1517 | D:2      | Reached skill level 1 in Evocations
  1523 | D:2      | HP: 1/35 [poisoned by a gnoll]
  2061 | D:2      | Noticed an ogre
  2065 | D:2      | Slain by an ogre

Illustrated notes

Levels and vault maps discovered:
D:1:      minmay_arrival_stair_chambers, layout_rooms, serial_aquarium,
          aquarium_bridge_square [aquarium_subvault_bridge,
          aquarium_subvault_window, aquarium_subvault_wall,
          aquarium_subvault_bridge], aquarium_bridge_island_small
          [aquarium_subvault_small_water, aquarium_subvault_bridge,
          aquarium_subvault_bridge, aquarium_subvault_wall,
          aquarium_subvault_bridge], aquarium_window_fake, aquarium_window_1,
          aquarium_view_2c, aquarium_balcony_5b, aquarium_pool_2
D:2:      minmay_inner_zag, layout_basic, minmay_pentomino_o2
D:3:      layout_rooms, lightli_temple_of_fire, fedhas_altar_fruit_tree,
          nicolae_overflow_hidden_temple, general_overflow_altar

Skill      XL: |  1  2  3 |
---------------+----------+-----
Short Blades   | 1 |  1.0
Long Blades    | 1 |  1.0
Maces & Flails | 1 |  1.0
Polearms       | 1 |  1.0
Staves         | 1 |  1.0
Slings         | 1 |  1.0
Bows           | 1 |  1.0
Crossbows      | 1 |  1.0
Throwing       | 1 |  1.0
Stealth        | 1 |  1.0
Shields        | 1 |  1.0
Unarmed Combat | 1 |  1.0
Spellcasting   | 1 |  1.0
Evocations     | 1 |  1.0
Fighting       | |  6.5
Axes           | |  4.6
Armour         | |  4.6
Dodging        | |  2.6
Conjurations   | |  0.7
Hexes          | |  0.7
Summonings     | |  0.7
Necromancy     | |  0.7
Translocations | |  0.7
Transmutations | |  0.7
Fire Magic     | |  0.7
Ice Magic      | |  0.7
Air Magic      | |  0.7
Earth Magic    | |  0.7
Poison Magic   | |  0.7
Invocations    | |  4.6

Action                   || total
-------------------------++-------
Melee: Hand axe          ||   110
       Bite              ||    10
       Spear             ||     4
Invok: Depart the Abyss  ||     1
  Use: Potion            ||     1
       Scroll            ||     1
Armor: Leather armour    ||    19
       Ring mail         ||    34
       Chain mail        ||    10
Dodge: Dodged            ||    87

Table legend: (Time is in decaauts)
 A = Elapsed time spent in this place.
 B = Non-inter-level travel time spent in this place.
 C = Inter-level travel time spent in this place.
 D = Time resting spent in this place.
 E = Time spent auto-exploring this place.
 F = Levels seen in this place.
 G = Mean time per level.
                   A        B        C        D        E       F      G
               +--------+--------+--------+--------+--------+-----+--------+
         Total |   2073 |   2038 |     35 |    470 |   1220 |   4 |  518.2 |
       Dungeon |   1938 |   1903 |     35 |    470 |   1102 |   3 |  646.0 |
         Abyss |    135 |    135 |      0 |      0 |    118 |   1 |  135.0 |
               +--------+--------+--------+--------+--------+-----+--------+

Top non-repeatable levels by time:
     D:1: 1065 daAuts
     D:2: 771 daAuts
 Abyss:1: 135 daAuts
     D:3: 102 daAuts
